 Dungeon Crawl Stone Soup version 0.30.0-10-gfe55d96785 (webtiles) character file.

Game seed: 10884460897756194791

47101 Peloso the Fencer (level 14, -2/127 HPs)
             Began as a Minotaur Fighter on May 15, 2023.
             Was an Elder of Okawaru.
             Engulfed by a fire crab's flame (15 damage)
             ... on level 4 of the Lair of Beasts.
             The game lasted 00:43:40 (26635 turns).

Peloso the Fencer (Minotaur Fighter)               Turns: 26635, Time: 00:43:41

Health: -2/127     AC: 21    Str: 23    XL:     14   Next: 7%
Magic:  13/15      EV: 13    Int:  5    God:    Okawaru [****..]
Gold:   2172       SH: 14    Dex: 13    Spells: 13/13 levels left

rFire   . . .        a - +2 falchion (flame)
rCold   . . .        d - +0 buckler
rNeg    . . .        H - +0 shadow dragon scales
rPois   .            (helmet restricted)
rElec   .            (no cloak)
rCorr   +            (no gloves)
SInv    .            (no boots)
Will    +....        E - amulet of reflection
Stlth   +++++        y - ring of resist corrosion
HPRegen 0.41/turn    (no ring)
MPRegen 0.14/turn

%: reflection
@: heroic, studying Ranged Weapons
A: horns 2, retaliatory headbutt
a: Renounce Religion, Heroism, Finesse


You were on level 4 of the Lair of Beasts.
You worshipped Okawaru.
Okawaru was greatly pleased with you.
You visited 4 branches of the dungeon, and saw 20 of its levels.

You collected 2419 gold pieces.
You spent 247 gold pieces at shops.

Inventory:

Hand Weapons
 a - a +2 falchion of flaming (weapon)
 b - a +4 scimitar
Armour
 c - a +0 plate armour
 d - a +0 buckler (worn)
 H - +0 shadow dragon scales (worn)
Jewellery
 y - a ring of resist corrosion (left hand)
 E - an amulet of reflection (around neck)
 K - a ring of ice
Wands
 t - a wand of flame (29)
 v - a wand of mindburst (9)
 w - a wand of paralysis (2)
 z - a wand of iceblast (16)
 G - a wand of digging (11)
Scrolls
 e - 10 scrolls of teleportation
 f - 2 scrolls of blinking
 g - 2 scrolls of enchant armour
 h - 5 scrolls of amnesia
 i - 2 scrolls of magic mapping
 l - 7 scrolls of immolation
 m - 3 scrolls of fog
 n - a scroll of identify
 p - a scroll of fear
 u - a scroll of silence
 x - 4 scrolls of enchant weapon
 B - 2 scrolls of poison
 L - a scroll of brand weapon
Potions
 j - a potion of berserk rage
 k - 5 potions of brilliance
 o - 11 potions of curing
 q - 2 potions of cancellation
 r - 2 potions of might
 s - 2 potions of magic {unknown}
 A - 4 potions of haste {unknown}
 C - 4 potions of mutation
 D - a potion of heal wounds
 F - a potion of ambrosia {unknown}
 I - 2 potions of resistance
 J - a potion of invisibility {unknown}


   Skills:
 + Level 12.8(17.8) Fighting
 + Level 15.9(20.9) Long Blades
 + Level 15.2(20.2) Armour
 + Level 4.7(9.7) Dodging
 + Level 3.9(8.9) Stealth
 + Level 13.9(18.9) Shields
 + Level 3.5 Invocations


You had 13 spell levels left.
You didn't know any spells.
Your spell library contained the following spells:

 Spells                   Type           Power      Damage    Failure   Level
 Beastly Appendage        Tmut           0%         N/A       89%         1
 Freeze                   Ice            0%         1d3       89%         1
 Magic Dart               Conj           0%         1d3       89%         1
 Shock                    Conj/Air       0%         1d3       89%         1
 Ensorcelled Hibernation  Hex/Ice        0%         N/A       96%         2
 Passwall                 Tmut/Erth      0%         N/A       96%         2
 Wereblood                Tmut           0%         N/A       96%         2
 Dazzling Flash           Conj/Hex       0%         N/A       99%         3
 Frozen Ramparts          Ice            0%         1d1       99%         3
 Hailstorm                Conj/Ice       0%         3d3       99%         3
 Mephitic Cloud           Conj/Pois/Air  0%         N/A       99%         3
 Spider Form              Tmut/Pois      0%         N/A       99%         3
 Swiftness                Air            0%         N/A       99%         3
 Airstrike                Air            0%         2d(0-16)  100%        4
 Agony                    Necr           0%         N/A       100%        5
 Alistair's Intoxication  Tmut/Pois      0%         N/A       100%        5
 Borgnjor's Vile Clutch   Necr/Erth      0%         N/A       100%        5
 Silence                  Hex/Air        0%         N/A       100%        5
 Eringya's Noxious Bog    Tmut/Pois      0%         N/A       100%        6
 Call Imp                 Summ           Unusable   N/A       N/A         2

Dungeon Overview and Level Annotations

Branches:
Dungeon (13/15)            Temple (1/1) D:6            Lair (4/5) D:11
  Swamp (0/4) Lair:2       Spider (0/4) Lair:3          Orc (2/2) D:11
    Elf (0/3) Orc:2
  Slime: Lair:4-5    Vaults: D:13-14

Altars:
Ashenzari
Dithmenos
Elyvilon
Fedhas
Gozag
Hepliaklqana
Kikubaaqudgha
Makhleb
Nemelex Xobeh
Okawaru
Qazlal
Ru
Sif Muna
Trog
Uskayaw
Vehumet
Wu Jian
Xom
Yredelemnul
Zin
The Shining One

Shops:
D:4 ?   D:5 =[   D:6 (   D:7 !   Orc:2 !*:!(

Annotations:
D:5 1 runed translucent door, Crazy Yiuf
Temple 2 transporters
Lair:1 3 runed translucent doors, ohados's ghost, novice TeCj
Orc:1 1 runed translucent door


Innate Abilities, Weirdness & Mutations

You have a pair of horns on your head.
You reflexively headbutt those who attack you in melee.


Message History

A fire crab is nearby!
The fire crab breathes flames at you.
You are engulfed in blazing flames.
The fire crab breathes flames at you.
The blast of flame engulfs you but does no damage.
Really walk into that cloud of flame?
Okay, then.
Really walk into that cloud of flame? [Y]es or [N]o only, please.
Really walk into that cloud of flame?
Okay, then.
You gain the combat prowess of a mighty hero.
The fire crab breathes flames at you.
The blast of flame engulfs you but does no damage.
You are engulfed in blazing flames.
The fire crab breathes flames at you. The blast of flame engulfs you.
You are engulfed in blazing flames.
The fire crab breathes flames at you.
The blast of flame engulfs you but does no damage.
You are engulfed in blazing flames.
The fire crab bites you but does no damage.
You block the fire crab's attack.
You hit the fire crab.
The fire crab is lightly wounded.
You are engulfed in blazing flames.
You hit the fire crab but do no damage.
You headbutt the fire crab, but do no damage.
The fire crab is lightly wounded.
You are engulfed in blazing flames.
The fire crab bites you.
You are engulfed in flames!
* * * LOW HITPOINT WARNING * * *
The fire crab claws you.
* * * LOW HITPOINT WARNING * * *
You are engulfed in flames!
* * * LOW HITPOINT WARNING * * *
You hit the fire crab but do no damage. You headbutt the fire crab!
The fire crab is moderately wounded.
You are engulfed in blazing flames.
You die...

....P# ###.##..##.##.#
.....## #P.............
......### ##.P.....<.†....
........# ##...............
........###
##......<...."....
..........#
##.....##..##.###P#
##........#####......#.######
## ###.......#.#....#####
##...........@.#
#.##........t.##
#####........## #.........#
##.......#.# ##.........#..
####............##
#.P.....###P......#
###......## ##.....)#


You could see a fire crab.

Vanquished Creatures
  A hydra (D:13)
  Erolcha (Orc:1)
  2 boulder beetles
  3 centaur warriors (D:13)
  A death yak (Lair:4)
  3 two-headed ogres
  3 orc high priests (Orc:2)
  Nergalle (D:10)
  A skyshark (Lair:4)
  A deep troll (shapeshifter) (D:12)
  Lodul (D:9)
  Pikel (D:5)
  7 orc knights
  2 manticores (D:11)
  3 orc sorcerers
  A cyclops (D:13)
  4 ugly things
  2 oklob plants (D:11)
  12 elephants
  A torpor snail (Lair:3)
  Joseph (D:9)
  2 cane toads (Lair:1)
  4 rime drakes
  5 komodo dragons
  An unseen horror (D:12)
  8 trolls
  3 polar bears (Lair:3)
  A blink frog (Lair:4)
  Prince Ribbit (D:8)
  Grinder (D:5)
  A shadow (D:13)
  26 yaks
  5 wyverns
  A spriggan (Lair:3)
  3 basilisks
  9 humans (D:8)
  5 vampire mosquitoes (D:12)
  Eustachio (D:6)
  3 redbacks (Lair:3)
  4 steam dragons
  Edmund (D:5)
  An acid dragon (D:9)
  2 wargs (Orc:2)
  3 swamp worms (Lair:2)
  3 water moccasins
  A sky beast (D:8)
  2 ice beasts
  19 orc warriors
  15 ogres
  4 black bears
  12 centaurs
  9 wolves
  A phantom (D:6)
  4 lemures (D:5)
  5 kobold brigands
  7 bullfrogs
  2 gnoll sergeants (D:7)
  11 wights
  6 killer bees (D:9)
  An electric eel (Lair:2)
  6 howler monkeys
  A gnoll bouda (D:8)
  A jelly (D:4)
  16 orc priests
  4 hounds
  2 sleepcaps (D:4)
  7 iguanas
  17 orc wizards
  9 gnolls
  8 adders
  A shadow imp (D:8)
  3 white imps
  A worm (D:2)
  4 dart slugs
  58 orcs
  7 ball pythons
  10 endoplasms
  3 giant cockroaches
  5 goblins
  6 hobgoblins
  2 jackals (D:8)
  30 kobolds
  2 quokkas
  4 bats
  4 frilled lizards
  6 rats
462 creatures vanquished.

Vanquished Creatures (others)
  An orc (Orc:2)
1 creature vanquished.

Grand Total: 463 creatures vanquished

Notes
Turn   | Place    | Note
-------+----------+-------------------------------------------
     0 | D:1      | Peloso the Minotaur Fighter began the quest for the Orb.
     0 | D:1      | Reached XP level 1. HP: 19/19 MP: 0/0
    30 | D:1      | Reached XP level 2. HP: 26/27 MP: 1/1
   390 | D:1      | Reached XP level 3. HP: 33/33 MP: 2/2
   762 | D:2      | Reached XP level 4. HP: 39/40 MP: 3/3
  1279 | D:3      | Reached XP level 5. HP: 6/46 MP: 4/4
  1430 | D:3      | Found a basalt altar of Yredelemnul.
  2054 | D:4      | Reached skill level 5 in Long Blades
  2357 | D:4      | Reached XP level 6. HP: 48/53 MP: 5/5
  2396 | D:4      | Found The Oracle's Delphic Readings.
  2494 | D:4      | Reached skill level 5 in Armour
  2498 | D:4      | Reached skill level 1 in Dodging
  2820 | D:5      | Entered Level 5 of the Dungeon
  2828 | D:5      | Reached skill level 5 in Fighting
  2839 | D:5      | Noticed Edmund
  2849 | D:5      | Reached skill level 5 in Shields
  2868 | D:5      | Killed Edmund
  2869 | D:5      | Reached XP level 7. HP: 26/61 MP: 6/6
  3347 | D:5      | Noticed Pikel
  3363 | D:5      | Killed Pikel
  3364 | D:5      | Reached XP level 8. HP: 39/70 MP: 7/7
  3508 | D:5      | Found Bohosyr's Armour Emporium.
  3678 | D:5      | Reached skill level 1 in Stealth
  3978 | D:5      | Paralysed by an orc for 2 turns
  3990 | D:5      | Reached XP level 9. HP: 36/78 MP: 8/8
  4187 | D:5      | Noticed Grinder
  4194 | D:5      | Paralysed by Grinder for 2 turns
  4205 | D:5      | Killed Grinder
  4528 | D:5      | Reached skill level 10 in Long Blades
  4541 | D:5      | Found Anet Pua's Jewellery Boutique.
  4819 | D:5      | Found a runed translucent door.
  4820 | D:5      | Noticed Crazy Yiuf
  5910 | D:6      | Noticed Eustachio
  5937 | D:6      | Killed Eustachio
  6224 | D:6      | Found Xayntaq's Weapon Shop.
  6306 | D:6      | Found a staircase to the Ecumenical Temple.
  6315 | Temple   | Entered the Ecumenical Temple
  6315 | Temple   | Found a transporter.
  6315 | Temple   | Found a transporter.
  6317 | Temple   | Found a transporter.
  6317 | Temple   | Found a transporter.
  6330 | Temple   | Became a worshipper of Warmaster Okawaru
  6719 | D:7      | Reached XP level 10. HP: 50/88 MP: 9/9
  6880 | D:7      | Found a bloodstained altar of Trog.
  6960 | D:7      | Reached skill level 10 in Armour
  7158 | D:7      | Reached * piety under Okawaru
  7189 | D:7      | Found Tinaef's Distillery.
  7194 | D:7      | Bought a potion of mutation for 104 gold pieces
  7194 | D:7      | Bought 2 potions of heal wounds for 130 gold pieces
  7194 | D:7      | Bought a potion of degeneration for 13 gold pieces
  7531 | D:8      | Reached ** piety under Okawaru
  8087 | D:8      | Noticed Prince Ribbit
  8113 | D:8      | Killed Prince Ribbit
  8296 | D:8      | Reached *** piety under Okawaru
  9205 | D:9      | Found a white marble altar of Elyvilon.
  9238 | D:9      | Reached XP level 11. HP: 80/97 MP: 5/10
  9634 | D:9      | Noticed Joseph
  9651 | D:9      | Killed Joseph
 10078 | D:9      | Noticed a two-headed ogre
 10085 | D:9      | Killed a two-headed ogre
 10085 | D:9      | Reached **** piety under Okawaru
 10933 | D:10     | Entered Level 10 of the Dungeon
 11186 | D:10     | Noticed Nergalle
 11216 | D:10     | Noticed a spectral orc warlord
 11218 | D:10     | Killed Nergalle
 11639 | D:10     | Noticed Lodul
 11643 | D:10     | Noticed a two-headed ogre
 11811 | D:10     | Noticed a boulder beetle
 11832 | D:9      | Killed Lodul
 11833 | D:9      | Reached skill level 1 in Invocations
 12350 | D:10     | Killed a boulder beetle
 12459 | D:10     | Killed a two-headed ogre
 12460 | D:10     | Reached skill level 10 in Fighting
 13017 | D:11     | Found a staircase to the Lair.
 13017 | D:11     | Noticed an oklob plant
 13017 | D:11     | Noticed an oklob plant
 13043 | D:11     | Killed an oklob plant
 13259 | D:11     | Killed an oklob plant
 13388 | D:11     | Found a staircase to the Orcish Mines.
 13391 | D:11     | Noticed an orc knight
 13414 | D:11     | Noticed an orc knight
 13604 | D:10     | HP: 4/148 [orc knight/+0 broad axe (19)]
 13606 | D:10     | Killed an orc knight
 13607 | D:10     | Reached XP level 12. HP: 5/106 MP: 12/12
 14312 | D:11     | Found a blossoming altar of Fedhas.
 14781 | D:11     | Reached skill level 10 in Shields
 15163 | Lair:1   | Entered Level 1 of the Lair of Beasts
 15481 | Lair:1   | Found a runed translucent gate.
 15482 | Lair:1   | Found a runed translucent gate.
 15482 | Lair:1   | Noticed ohados's ghost (novice TeCj)
 15483 | Lair:1   | Found a runed translucent gate.
 15485 | Lair:1   | Noticed a ten-headed hydra
 16257 | Lair:2   | Reached skill level 15 in Long Blades
 16892 | Lair:2   | Found a glowing golden altar of the Shining One.
 17108 | Lair:2   | Found a staircase to the Swamp.
 18846 | Lair:3   | Found a hole to the Spider Nest.
 18852 | Lair:3   | Reached ***** piety under Okawaru
 18853 | Lair:3   | Reached XP level 13. HP: 116/116 MP: 14/14
 19567 | D:12     | Received a gift from Okawaru
 20372 | Orc:1    | Entered Level 1 of the Orcish Mines
 20602 | Orc:2    | Entered Level 2 of the Orcish Mines
 21503 | Orc:2    | Found Dazelerph's Book Boutique.
 21972 | Orc:1    | Found a runed translucent door.
 22025 | Orc:1    | Noticed Erolcha
 22042 | Orc:1    | Killed Erolcha
 22335 | Orc:2    | Found a staircase to the Elven Halls.
 24082 | Orc:2    | Found Vainke's Distillery.
 24082 | Orc:2    | Found Kuelor's General Store.
 24084 | Orc:2    | Found Diolecs's Distillery.
 24084 | Orc:2    | Found Oskapul's Weapon Shop.
 25445 | D:13     | Reached skill level 15 in Armour
 25893 | D:13     | Reached XP level 14. HP: 120/127 MP: 15/15
 26635 | Lair:4   | Engulfed by a fire crab's flame

Illustrated notes

Levels and vault maps discovered:
D:1:      spicycebolla_arrival_clurvy, layout_basic
D:2:      layout_loops_ring
D:3:      layout_rooms, mainiacjoe_overflow_catwalk
D:4:      layout_basic, nicolae_nh_oracle_at_delphi
D:5:      layout_loops_corners, serial_shops, nicolae_shop_peninsula,
          minmay_shop_enchanted_jewellery, uniq_crazy_yiuf_cottage,
          uniq_grinder, uniq_pikel, uniq_edmund
D:6:      layout_basic, temple_hall, serial_shops, nicolae_shop_window_shopping,
          uniq_eustachio
D:7:      layout_basic, lightli_temple_of_fire, serial_shops, shop
D:8:      erik_cavepeople, layout_basic, uniq_prince_ribbit1
D:9:      layout_roguey, nicolae_elyvilon_peaceful_grove,
          chequers_serial_rivers_small_b, minmay_puff, uniq_joseph
D:10:     layout_cave_pools, minmay_increasing_density, uniq_lodul,
          uniq_nergalle
D:11:     layout_loops_ring, dpeg_oklobed_lair, david_orc_5,
          fedhas_bush_and_centaur_altar
D:12:     layout_roguey
D:13:     layout_cave_pools
Temple:   hellmonk_temple_divided_pantheon
Lair:1:   layout_long_grid, gammafunk_ghost_hydra_chop, grunt_megastairs_4
Lair:2:   layout_cave_pods, nicolae_swamp_entry_splash_gauntlet, basic_altar,
          chequers_serial_rivers_small_3
Lair:3:   layout_gridlike, spider_nest_entry_webs, grunt_forest_stairs_clearing
Lair:4:   layout_hall_layers, beast_lair_carwin_3
Orc:1:    layout_diamond_mine, lightli_church_of_beogh, uniq_erolcha
Orc:2:    grunt_orc_tribal_feast, layout_diamond_mine, serial_shops,
          nicolae_shop_peninsula, nicolae_orc_rockfall

Skill      XL: |  1  2  3  4  5  6  7  8  9 10 11 12 13 |
---------------+----------------------------------------+-----
Shields        | 4 5 7 9 11 13 | 13.9
Fighting       | 4 5 6 7 9 10 11 12 | 12.8
Long Blades    | 3 4 5 6 7 9 11 13 14 15 | 15.9
Armour         | 4 5 7 8 9 11 12 13 15 | 15.2
Dodging        | 1 2 3 4 |  4.7
Stealth        | 1 2 3 |  3.9
Invocations    | 1 2 3 |  3.5

Action                     |  1- 3 |  4- 6 |  7- 9 | 10-12 | 13-15 || total
---------------------------+-------+-------+-------+-------+-------++-------
  Melee: Long sword        |    82 |   158 |   332 |   329 |       ||   901
         Headbutt          |    13 |    33 |    79 |   284 |   187 ||   596
         Falchion          |       |       |       |   741 |   668 ||  1409
 Invoke: Heroism           |       |       |       |    29 |    24 ||    53
  Evoke: Wand              |       |       |       |       |     1 ||     1
    Use: Scroll            |     2 |     4 |     1 |     8 |     9 ||    24
         Potion            |     2 |     1 |     1 |     2 |     3 ||     9
   Stab: Sleeping          |       |       |       |     7 |     8 ||    15
 Armour: Scale mail        |    37 |    43 |       |       |       ||    80
         Plate armour      |       |    11 |   154 |   201 |       ||   366
         Shadow dragon sca |       |       |       |   169 |   221 ||   390
  Dodge: Dodged            |    38 |    53 |    92 |   269 |   182 ||   634
  Block: Buckler           |    21 |    42 |    68 |   411 |   339 ||   881
         Reflection        |       |       |       |     6 |    34 ||    40
